 Dungeon Crawl Stone Soup version 0.21.0-3-g78d12a8 (webtiles) character file.

47736 letownia2 the Brawler (level 14, 91/91 HPs)
             Began as a Gargoyle Fighter on Jan 11, 2018.
             Was an Initiate of Gozag.
             Quit the game on level 4 of the Lair of Beasts.
             The game lasted 00:53:43 (17557 turns).

letownia2 the Brawler (Gargoyle Fighter)           Turns: 17557, Time: 00:53:44

Health: 91/91      AC: 29    Str: 22    XL:     14   Next: 43%
Magic:  28/28      EV: 13    Int: 12    God:    Gozag
Gold:   867        SH:  0    Dex: 16    Spells: 15/34 levels left

rFire    + + .     SeeInvis .     - Unarmed
rCold    + . .     Gourm    .   (no shield)
rNeg     + . .     Faith    .   N - +9 ring mail of Bitterness {Str+3}
rPois    ∞         Spirit   .   e - +0 hat of Charity {MR+ Dex+5 Stlth-}
rElec    +         Reflect  .   m - +0 cloak
rCorr    +         Harm     .   a - +1 pair of gloves of Hedging {rF++ rCorr Int-3 Dex+2}
MR       +....                  (no boots)
Stlth    ..........             k - amulet of rage
HPRegen  0.25/turn              f - ring of wizardry
MPRegen  0.21/turn              F - ring of protection from cold

@: vulnerable, flying
A: big wings, negative energy resistance 1, electricity resistance, unbreathing,
petrification resistance, rot immunity, AC +10
a: Stop Flying, Potion Petition, Call Merchant, Bribe Branch, Renounce Religion,
Evoke Berserk Rage


You were on level 4 of the Lair of Beasts.
You worshipped Gozag.
Gozag was pleased with you.
You were not hungry.

You visited 4 branches of the dungeon, and saw 19 of its levels.
You also visited: Labyrinth and Bailey.

You collected 6038 gold pieces.
You spent 480 gold pieces at shops.
You paid 4691 gold pieces to Gozag.

Inventory:

Hand Weapons
 K - a +8 longbow of electrocution
Missiles
 q - 2 throwing nets (quivered)
 Y - 139 arrows
Armour
 a - the +1 pair of gloves of Hedging (worn) {rF++ rCorr Int-3 Dex+2}
   (You bought it in a shop on level 2 of the Lair of Beasts)

   It affects your intelligence (-3).
   It affects your dexterity (+2).
   It greatly protects you from fire.
   It protects you from acid and corrosion.
 e - the +0 hat of Charity (worn) {MR+ Dex+5 Stlth-}
   (You acquired it on level 2 of the Lair of Beasts)

   It affects your dexterity (+5).
   It affects your resistance to hostile enchantments.
   It makes you less stealthy.
 m - a +0 cloak (worn)
 N - the +9 ring mail of Bitterness (worn) {Str+3}
   (You found it on level 8 of the Dungeon)

   It affects your strength (+3).
Jewellery
 f - a ring of wizardry (left hand)
 k - an amulet of rage (around neck)
 y - the ring of Ymyfaxt {-Tele rElec AC+4 Str+2 Stlth+}
   (You found it in a labyrinth)

   [ring of protection]

   It affects your AC (+4).
   It affects your strength (+2).
   It insulates you from electricity.
   It prevents most forms of teleportation.
   It makes you more stealthy.
 F - a ring of protection from cold (right hand)
 I - a +3 ring of intelligence
Wands
 i - a wand of enslavement (6)
 G - a wand of clouds (3)
 X - a wand of polymorph (12)
Scrolls
 b - 2 scrolls of identify
 h - 7 scrolls of fear
 j - a scroll of magic mapping
 l - 3 scrolls of remove curse
 o - 3 scrolls of fog
 x - 2 scrolls of blinking
 L - 4 scrolls of immolation
 M - a scroll of teleportation
Potions
 c - 4 potions of might
 n - a potion of cancellation
 p - 2 potions of lignification
 r - 7 potions of curing
 u - a potion of magic
 w - a potion of mutation
 z - 5 potions of heal wounds
 A - 4 potions of brilliance
 E - 2 potions of agility
 Q - a potion of haste
 U - a potion of berserk rage
 W - a potion of ambrosia
Books
 H - the Almanac of Shifting Stolen Souls
   (You found it in a labyrinth)

   Spells                             Type                      Level
   a - Corpse Rot                     Necromancy                   2
   b - Sticks to Snakes               Transmutation                2
   c - Passwall                       Transmutation/Earth          2
   d - Excruciating Wounds            Charms/Necromancy            5
   e - Blade Hands                    Transmutation                5
 J - a Grand Grimoire

   Spells                             Type                      Level
   a - Monstrous Menagerie            Summoning                    7
   b - Summon Greater Demon           Summoning                    7
   c - Malign Gateway                 Summoning/Translocation      7
   d - Summon Horrible Things         Summoning                    8
Comestibles
 d - 11 rations


   Skills:
 + Level 11.9 Fighting
 - Level 6.4 Armour
 - Level 3.8 Dodging
   Level 3.2 Shields
 + Level 15.8 Unarmed Combat
 - Level 10.5 Spellcasting
 - Level 3.6 Conjurations
 - Level 2.4 Hexes
 - Level 2.5 Fire Magic
 - Level 3.0 Air Magic
 - Level 2.5 Poison Magic
 - Level 2.3 Evocations


You had 15 spell levels left.
You knew the following spells:

 Your Spells              Type           Power        Failure   Level  Hunger
c - Conjure Flame         Conj/Fire      ##......     6%          3    ##.....
d - Confusing Touch       Hex            ##....       2%          1    None
e - Mephitic Cloud        Conj/Pois/Air  ##......     6%          3    ##.....
i - Ice Form              Ice/Tmut       #.......     52%         4    ####...
n - Spider Form           Tmut/Pois      #.........   12%         3    ##.....
p - Poisonous Vapours     Pois/Air       ##....       3%          2    None
x - Dazzling Spray        Conj/Hex       ##....       6%          3    ##.....


Dungeon Overview and Level Annotations

Branches:
Dungeon (12/15)            Temple (1/1) D:5            Lair (4/6) D:8
 Shoals (0/4) Lair:4       Spider (0/4) Lair:3          Orc (2/2) D:11
    Elf (0/3) Orc:2

Altars:
Dithmenos
Elyvilon
Fedhas
Gozag
Kikubaaqudgha
Nemelex Xobeh
Okawaru
Qazlal
Ru
Trog
Uskayaw
Zin
The Shining One
Beogh

Shops:
D:8 [   Orc:2 *:(   Lair:2 [[**


Innate Abilities, Weirdness & Mutations

You are resistant to torment.
Your stone body is resilient. (AC +10)
You are immune to poison.
Your large and strong wings let you fly indefinitely.
You resist negative energy. (rN+)
You are resistant to electric shocks. (rElec)
You can survive without breathing.
You are immune to petrification.
You are immune to rotting.


Message History

Okay, then.
Search for what [Enter for "armo", or ? for help]? uc Search for what [Enter for "uc", or ? for help]? buck' Can't find anything matching that.
Unknown command.
Okay, then.
You currently need 1800 gold to open negotiations with a merchant.
As you read the scroll labeled ISEGREG MYG, it crumbles to dust.
Magic quickly surges around you.
It was a scroll of vulnerability.
As you read the scroll labeled ARIETR FATHASM, it crumbles to dust.
Wisps of shadow whirl around you...
It was a scroll of summoning.
Evoke which item? (* to show all) (? for menu, Esc to quit)
Okay, then.
Put on which piece of jewellery? (? for menu, Esc to quit)
Okay, then.
Wear which item? (? for menu, Esc to quit)
Okay, then.
Wear which item? (? for menu, Esc to quit)
Okay, then.
Are you sure you want to abandon this character and quit the game? (Confirm with "yes".)

#≈#≈#≈≈≈#..........##.##.##.##...
≈≈≈≈≈≈≈≈##..#..#..############.#.
≈≈8..≈≈.########..# ##.###.#..
≈≈≈..#...# ###..#### #...(.....
.≈≈≈...#.# #.P...#P# #...#...#.
#.≈≈≈..#.#####.......# #..#######
...≈≈.#...#..#.......###.##
#.............Y.F..Y###...###
.....^...#.###Y.@.Y..##P.P..#
#..##.#..### #...Y..##PP...##
..#####..# ###Y#.#.#.P...# ..##
#...# #....#.###...## ...###..##
#...#######..# ..#..##.# #..##
#....# ........# ##.P# #.#.##
.##.....# #..# ##..# .#P.....##
#.########.##


You could see 6 friendly elephants and a friendly spiny frog.

Vanquished Creatures
  Gastronok (D:10)
  An orc warlord (Orc:1)
  Nessos (Orc:2)
  A minotaur (Lab)
  4 hydras
  An ice dragon (Lair:4)
  The ghost of Ratty the Archer, a novice CeHu of Okawaru (D:9)
  Erica (Lair:1)
  10 two-headed ogres
  5 orc high priests
  An unseen horror (D:12)
  3 orc knights
  An oklob plant (Lair:4)
  An ugly thing (D:12)
  A wolf spider (Lair:3)
  Joseph (Lair:1)
  5 spiny frogs
  2 rime drakes
  2 centaur skeletons (D:11)
  6 komodo dragons
  A jumping spider (Lair:3)
  2 hornets (D:12)
  16 blink frogs
  6 hippogriffs
  2 wyverns
  35 yaks
  2 basilisks
  Grum (Lair:1)
  3 vampire mosquitoes (D:12)
  3 wargs
  Edmund (D:6)
  5 water moccasins
  A soldier ant (D:12)
  7 porcupines
  26 orc warriors
  A necrophage (D:8)
  2 ice beasts
  2 phantoms
  An eye of draining (D:10)
  8 ogres
  2 wolves
  22 centaurs
  4 crocodiles
  A big kobold (D:10)
  9 bullfrogs
  3 scorpions
  10 killer bees
  3 wights (D:9)
  7 crimson imps
  2 bullfrog zombies
  2 centaur zombies
  5 hounds
  A quasit (D:8)
  17 orc priests
  A gnoll shaman (D:6)
  21 orc wizards
  A bullfrog skeleton (D:11)
  2 iguanas (D:8)
  7 worker ants
  A killer bee zombie (D:5)
  A worker ant zombie (D:8)
  A howler monkey zombie (D:6)
  6 gnolls
  14 adders
  3 shadow imps
  3 white imps (Lair:4)
  2 adder skeletons (D:9)
  A worm (D:5)
  3 leopard geckos
  63 orcs
  7 giant cockroaches
  13 goblins
  15 hobgoblins
  4 jackals
  20 kobolds
  2 quokkas
  3 ball pythons
  7 bats
  5 frilled lizards
  A leopard gecko skeleton (D:4)
  2 quokka skeletons
  7 rats
478 creatures vanquished.

Vanquished Creatures (others)
  6 fungi
  3 plants
9 creatures vanquished.

Grand Total: 487 creatures vanquished

Notes
Turn   | Place    | Note
-------+----------+-------------------------------------------
     0 | D:1      | letownia2 the Gargoyle Fighter began the quest for the Orb.
     0 | D:1      | Reached XP level 1. HP: 14/14 MP: 1/1
   119 | D:2      | Reached skill level 3 in Unarmed Combat
   119 | D:2      | Reached XP level 2. HP: 17/19 MP: 2/2
   125 | D:2      | Noticed an ogre
   204 | D:3      | Found a bloodstained altar of Trog.
   215 | D:3      | Reached XP level 3. HP: 23/23 MP: 3/3
   298 | D:3      | Found a shadowy altar of Dithmenos.
   316 | D:3      | Reached skill level 4 in Unarmed Combat
   316 | D:3      | Reached XP level 4. HP: 24/28 MP: 4/4
   420 | D:4      | Reached skill level 5 in Unarmed Combat
   420 | D:4      | Reached XP level 5. HP: 32/32 MP: 5/5
   453 | D:3      | HP: 1/34 [orc wizard/magic dart (1)]
   456 | D:3      | Reached skill level 5 in Fighting
   456 | D:3      | Reached XP level 6. HP: 2/40 MP: 6/6
  1318 | D:5      | Entered Level 5 of the Dungeon
  1479 | D:5      | Reached XP level 7. HP: 10/46 MP: 7/7
  1733 | D:5      | Found a staircase to the Ecumenical Temple.
  1755 | Temple   | Entered the Ecumenical Temple
  1809 | Temple   | Became a worshipper of Gozag Ym Sagoz the Greedy
  2056 | D:5      | Reached skill level 6 in Unarmed Combat
  2160 | D:5      | Found a shadowy altar of Dithmenos.
  2405 | D:3      | Reached skill level 7 in Unarmed Combat
  2442 | D:3      | Found a sparkling altar of Nemelex Xobeh.
  2491 | D:3      | Found an iron altar of Okawaru.
  2660 | D:3      | Reached XP level 8. HP: 51/51 MP: 8/8
  3149 | D:2      | Reached skill level 1 in Evocations
  4523 | D:6      | Reached skill level 8 in Unarmed Combat
  4660 | D:6      | Noticed Edmund
  4677 | D:6      | Killed Edmund
  5433 | D:7      | Reached skill level 1 in Dodging
  5775 | D:7      | Noticed a hippogriff
  5783 | D:7      | Killed a hippogriff
  5783 | D:7      | Reached XP level 9. HP: 43/59 MP: 10/10
  5791 | D:7      | Found a white marble altar of Elyvilon.
  5990 | D:8      | Reached skill level 9 in Unarmed Combat
  6204 | D:8      | Found a flagged portal.
  6376 | Bailey   | Entered a bailey
  6576 | Bailey   | Reached skill level 10 in Unarmed Combat
  6666 | Bailey   | Found a bloodstained altar of Trog.
  6683 | Bailey   | Got a transparent robe
  6974 | D:8      | Found a staircase to the Lair.
  7041 | D:8      | Got a twisted ring mail
  7052 | D:8      | Identified the +9 ring mail of Bitterness {Str+3} (You found it on level 8 of the Dungeon)
  7219 | D:9      | Found a sacrificial altar of Ru.
  7238 | D:9      | Learned a level 2 spell: Poisonous Vapours
  7242 | D:9      | Learned a level 3 spell: Conjure Flame
  7246 | D:9      | Learned a level 3 spell: Mephitic Cloud
  7345 | D:9      | Noticed Ratty's ghost (novice CeHu)
  7365 | D:9      | Killed Ratty's ghost
  7365 | D:9      | Reached skill level 1 in Spellcasting
  7365 | D:9      | Reached skill level 1 in Conjurations
  7365 | D:9      | Reached skill level 1 in Fire Magic
  7365 | D:9      | Reached skill level 1 in Air Magic
  7365 | D:9      | Reached skill level 1 in Poison Magic
  7365 | D:9      | Reached XP level 10. HP: 63/64 MP: 6/12
  7550 | D:9      | Noticed a two-headed ogre
  7596 | D:9      | Killed a two-headed ogre
  7922 | D:10     | Entered Level 10 of the Dungeon
  7999 | D:10     | Noticed a two-headed ogre
  8010 | D:10     | Killed a two-headed ogre
  8106 | D:10     | Reached skill level 5 in Spellcasting
  8151 | D:10     | Noticed a two-headed ogre
  8163 | D:10     | Killed a two-headed ogre
  8163 | D:10     | Reached XP level 11. HP: 59/68 MP: 6/20
  8289 | D:10     | Noticed Gastronok
  8355 | D:11     | Noticed a two-headed ogre
  8506 | D:10     | Killed Gastronok
  8898 | D:11     | Noticed a two-headed ogre
  8902 | D:11     | Found a staircase to the Orcish Mines.
  8930 | D:11     | Reached skill level 11 in Unarmed Combat
  8939 | D:11     | Killed a two-headed ogre
  8944 | D:11     | Killed a two-headed ogre
  9429 | D:12     | Reached XP level 12. HP: 66/77 MP: 24/24
  9435 | D:12     | Noticed a two-headed ogre
  9566 | D:12     | Found a stormy altar of Qazlal.
  9600 | D:12     | Reached skill level 10 in Fighting
  9718 | D:12     | Reached skill level 12 in Unarmed Combat
  9849 | D:12     | Noticed a two-headed ogre
  9863 | D:12     | Killed a two-headed ogre
  9923 | D:12     | Killed a two-headed ogre
 10050 | D:12     | Noticed a two-headed ogre
 10089 | D:12     | Killed a two-headed ogre
 10277 | Lair:1   | Entered Level 1 of the Lair of Beasts
 10279 | Lair:1   | Noticed Grum
 10339 | Lair:1   | Noticed Joseph
 10351 | Lair:1   | Reached skill level 13 in Unarmed Combat
 10355 | Lair:1   | Killed Joseph
 10764 | Lair:1   | Reached XP level 13. HP: 39/84 MP: 20/25
 10944 | Lair:1   | Noticed Erica
 10955 | Lair:1   | Killed Erica
 11054 | Lair:1   | Killed Grum
 11427 | Lair:2   | Reached skill level 14 in Unarmed Combat
 11527 | Lair:2   | Identified the cursed +1 robe of Awe {rElec Int-2 Dex+4 Stlth-} (You found it in a bailey)
 11545 | Lair:2   | Bought a pair of slimy gloves for 294 gold pieces
 11555 | Lair:2   | Identified the +1 pair of gloves of Hedging {rF++ rCorr Int-3 Dex+2} (You bought it in a shop on level 2 of the Lair of Beasts)
 11557 | Lair:2   | Bought a scroll labeled DISIEPNI POHO for 21 gold pieces
 11557 | Lair:2   | Bought a flickering iron ring for 105 gold pieces
 11558 | Lair:2   | Identified the cursed ring "Puysuom" {MP+9 AC-2 Stlth+} (You bought it in a shop on level 2 of the Lair of Beasts)
 12580 | Lair:3   | Reached skill level 10 in Spellcasting
 13014 | Lair:3   | Found a hole to the Spider Nest.
 13275 | Orc:1    | Entered Level 1 of the Orcish Mines
 13287 | Orc:1    | Found a roughly hewn altar of Beogh.
 13445 | Orc:1    | Found a roughly hewn altar of Beogh.
 13844 | Orc:2    | Entered Level 2 of the Orcish Mines
 13844 | Orc:2    | Noticed Nessos
 13846 | Orc:2    | Noticed an orc warlord
 14388 | Orc:1    | Reached skill level 15 in Unarmed Combat
 14969 | Orc:1    | Killed an orc warlord
 15327 | Orc:2    | Reached skill level 5 in Armour
 15327 | Orc:2    | Gained mutation: Your large and strong wings let you fly indefinitely. [Gargoyle growth]
 15327 | Orc:2    | Reached XP level 14. HP: 62/90 MP: 26/28
 15355 | Orc:2    | Found Vaduwath's Antique Armour Shop.
 15601 | Orc:2    | Killed Nessos
 15758 | Orc:2    | Found Jacep's Book Shoppe.
 15844 | Orc:2    | Found Viuce's General Store.
 15853 | Orc:2    | Bought a potion of degeneration for 14 gold pieces
 16033 | Orc:2    | Found Juedghit's Antique Weapon Emporium.
 16040 | Orc:2    | Found a staircase to the Elven Halls.
 16348 | Lair:2   | Bought a scroll labeled RIDON EHYSCHA for 23 gold pieces
 16348 | Lair:2   | Bought a scroll labeled WOGELA OLUEBB for 23 gold pieces
 16360 | Lair:2   | Identified a scroll of acquirement
 16370 | Lair:2   | Got a smoking hat
 16381 | Lair:2   | Identified the +0 hat of Charity {MR+ Dex+5 Stlth-} (You acquired it on level 2 of the Lair of Beasts)
 16387 | Lair:2   | Learned a level 3 spell: Spider Form
 16389 | Lair:2   | Learned a level 1 spell: Confusing Touch
 16394 | Lair:2   | Learned a level 4 spell: Ice Form
 16398 | Lair:2   | Learned a level 3 spell: Dazzling Spray
 16491 | Lair:4   | Found a labyrinth entrance.
 16510 | Lair:4   | Reached skill level 1 in Hexes
 16553 | Lab      | Entered a labyrinth
 16817 | Lab      | Identified the Almanac of Shifting Stolen Souls
 16818 | Lab      | Got a translucent granite ring
 16821 | Lab      | Identified the ring of Ymyfaxt {-Tele rElec AC+4 Str+2 Stlth+} (You found it in a labyrinth)
 16825 | Lab      | Got a polished rapier
 16827 | Lab      | Identified the +5 rapier of Kugub {freeze, Fragile +Inv Int+3} (You found it in a labyrinth)
 17408 | Lair:4   | Found a staircase to the Shoals.
 17557 | Lair:4   | Quit the game

Skill      XL: |  1  2  3  4  5  6  7  8  9 10 11 12 13 14 |
---------------+-------------------------------------------+-----
Unarmed Combat | 3 4 5 7 8 10 11 13 15 | 15.8
Fighting       | 5 6 7 8 9 11 | 11.9
Evocations     | 2 |  2.3
Dodging        | 1 2 3 |  3.8
Armour         | 4 5 6 |  6.4
Spellcasting   | 1 6 8 10 | 10.5
Conjurations   | 1 3 |  3.6
Fire Magic     | 1 2 |  2.5
Air Magic      | 1 2 3 |  3.0
Poison Magic   | 1 2 |  2.5
Hexes          | 2 |  2.4
Shields        | |  3.2

Action                   |  1- 3 |  4- 6 |  7- 9 | 10-12 | 13-15 || total
-------------------------+-------+-------+-------+-------+-------++-------
Melee: Unarmed           |    71 |    45 |   593 |   521 |   454 ||  1684
       Punch             |     1 |     4 |    22 |    28 |    39 ||    94
       Dagger            |       |    96 |    74 |       |       ||   170
Throw: Tomahawk          |       |       |     3 |     4 |     1 ||     8
 Cast: Conjure Flame     |       |       |     2 |    20 |    15 ||    37
       Poisonous Vapours |       |       |       |    62 |   172 ||   234
       Mephitic Cloud    |       |       |       |       |    28 ||    28
Invok: Call Merchant     |       |       |     1 |       |     4 ||     5
 Abil: Evoke Berserk Rag |       |     1 |     3 |       |       ||     4
       Fly               |       |       |       |       |     1 ||     1
Evoke: Wand              |       |       |       |     2 |       ||     2
  Use: Potion            |       |     1 |       |       |       ||     1
       Scroll            |       |       |    10 |       |    20 ||    30
 Stab: Distracted        |       |       |     1 |     1 |     3 ||     5
       Confused          |       |       |       |       |    12 ||    12
  Eat: Chunk             |       |     2 |     3 |       |       ||     5
       Ration            |       |       |     7 |     4 |     6 ||    17
Armor: Scale mail        |    46 |    93 |   331 |       |       ||   470
       Ring mail         |       |       |    37 |   348 |   212 ||   597
       Leather armour    |       |       |       |       |     4 ||     4
Dodge: Dodged            |    22 |    66 |   308 |   288 |   208 ||   892
